[Event "9e Open International de Porticcio"]
[Site "Porticcio, France"]
[Date "2024.07.03"]
[Round "7.2"]
[White "Bailet, Pierre"]
[Black "Bulmaga, Irina"]
[Result "1/2-1/2"]
[TimeControl "1h30+30s/move"]
[WhiteElo "2491"]
[BlackElo "2391"]

1. e4 e5 2. Nf3 Nc6 3. Bb5 a6 4. Ba4 f5 5. d4 exd4 6. e5 b5 7. Bb3 Na5 8. Nxd4 Bb7 9. O-O c5 10.
Bxg8 cxd4 11. Bb3 Nxb3 12. axb3 Qb6 13. Nd2 Bc5 14. Nf3 Qc6 15. b4 Bxb4 16. Qxd4 Bc5 17. Qd3 O-O 18. Be3 Be7 19.
Rfd1 Rad8 20. Rac1 Qg6 21. Ne1 Be4 22. Qb3+ Kh8 23. f3 Bc6 24. Qc3 Rc8 25. Qd2 Qe6 26. Nd3 Bb7 27. Bg5 Bxg5 28.
Qxg5 d6 29. exd6 Qxd6 30. Qf4 Qxf4 31. Nxf4 Rfd8 32. Ne6 Re8 33. Nxg7 Kxg7 34. Rd7+ Kg6 35. Rxb7 Re2 36. h4 Rcxc2 37. Rb6+ Kh5 38. Rxc2 Rxc2 39. Rxa6 Kxh4 40. Rh6+ Kg5 41. Rxh7 Rxb2 42. Kh2 b4 43. Rb7 Kf4 44. Rb5 b3 45.
Kh3 Rb1 46. Kh2 Rb2 47. Kh3 Rb1 48. Kh2 Rb2 49. Kh3 Rb1 50. Kh2 Ke5 1/2-1/2

[Event "9e Open International de Porticcio"]
[Site "Porticcio, France"]
[Date "2024.07.03"]
[Round "7.3"]
[White "Lagarde, Maxime"]
[Black "Anwesh, Upadhyaya"]
[Result "1-0"]
[TimeControl "1h30+30s/move"]
[WhiteElo "2604"]
[BlackElo "2354"]

1. Nf3 d5 2. g3 g6 3. Bg2 Bg7 4. c4 c6 5. Qa4 Nf6 6. cxd5 Nxd5 7. h4 Nd7 8. h5 N7b6 9. Qd1 Bg4 10.
h6 Bf6 11. d4 Bxf3 12. Bxf3 e5 13. dxe5 Bxe5 14. O-O O-O 15. Qb3 Qe7 16. Nc3 Rad8 17. Nxd5 Nxd5 18. Rd1 Bf6 19. Bd2 Rfe8 20.
a4 b6 21. a5 Qe5 22. e4 Nc7 23. axb6 axb6 24. Bf4 Qe7 25. Rxd8 Rxd8 26. Ra7 Qe6 27. Qxe6 Nxe6 28. e5 Bh8 29.
Bxc6 g5 30. Be3 Bxe5 31. b4 Bd4 32. Bxd4 Rxd4 33. b5 Kf8 34. Rb7 Rd6 35. Rxb6 Nd4 36. Rb8+ Ke7 37. Rb7+ Kf8 38. Be4 f5 39.
Bg2 Ne2+ 40. Kf1 Nc3 41. Bc6 Rxh6 42. Rc7 Na4 43. Ke2 Re6+ 44. Kd3 Re7 45. Rc8+ Kf7 46. Bd5+ Kg7 47. Rc6 Rb7 48.
Bb3 Nb6 49. Kc3 h5 50. Be6 Na8 51. Kc4 h4 52. Bxf5 Rf7 53. Rg6+ Kf8 54. Rxg5 hxg3 55. fxg3 Ke7 56. g4 Kd6 57.
Rg6+ Kc7 58. Kc5 1-0

[Event "9e Open International de Porticcio"]
[Site "Porticcio, France"]
[Date "2024.07.03"]
[Round "7.4"]
[White "Hamdouchi, Hicham"]
[Black "Yankelevich, Lev"]
[Result "1/2-1/2"]
[TimeControl "1h30+30s/move"]
[WhiteElo "2527"]
[BlackElo "2416"]

1. e4 e5 2. Nf3 Nf6 3. d4 Nxe4 4. dxe5 d5 5. Nbd2 Qd7 6. Bd3 Nc5 7. Be2 Ne6 8. Nf1 c5 9. Ng3 Nc6 10.
O-O h6 11. c3 b6 12. a3 Bb7 13. b4 O-O-O 14. Bb5 Qc7 15. Qe2 g5 16. bxc5 Bxc5 17. Nf5 Ne7 18. Nxe7+ Qxe7 19. Rd1 f6 20.
a4 Nc7 21. exf6 Qxf6 22. Nd4 h5 23. Be3 g4 24. Bd3 Ne6 25. a5 Rde8 26. Qc2 Kb8 27. axb6 Bxb6 28. Bf5 Ng7 29. Bd3 Ne6 30. Bf5 Ng7 31. Bd3 1/2-1/2

[Event "9e Open International de Porticcio"]
[Site "Porticcio, France"]
[Date "2024.07.03"]
[Round "7.6"]
[White "Unuk, Laura"]
[Black "Nevednichy, Vladislav"]
[Result "1/2-1/2"]
[TimeControl "1h30+30s/move"]
[WhiteElo "2324"]
[BlackElo "2471"]

1. d4 Nf6 2. Nc3 d5 3. Bf4 a6 4. e3 e6 5. g4 c5 6. g5 Nfd7 7. Bg2 Nc6 8. Nf3 Nb6 9. h4 Bd6 10.
dxc5 Bxc5 11. h5 Qe7 12. h6 g6 13. Ne5 O-O 14. Ng4 Rd8 15. Nf6+ Kh8 16. Qe2 e5 17. Bg3 Be6 18. Rd1 Bb4 19.
O-O Bxc3 20. bxc3 Nd7 21. Nxd5 Bxd5 22. Bxd5 Qxg5 23. Bxf7 Nf6 24. Rxd8+ Rxd8 25. Rd1 Rf8 26. Be6 Qxh6 27.
Qc4 Qh5 28. Rd2 Qf3 29. Bd5 Nxd5 30. Qxd5 Qxd5 31. Rxd5 Rf7 32. Bxe5+ Nxe5 33. Rxe5 Rc7 34. a4 Kg7 35. Re6 h5 36.
Rb6 Kh6 37. Kg2 Kg5 38. a5 Kf5 39. c4 g5 40. c5 Rxc5 41. Rxb7 Rxa5 42. Rf7+ Kg4 43. f3+ Kh4 44. Rc7 Rd5 45.
Rc4+ g4 46. fxg4 hxg4 47. e4 Rd2+ 48. Kf1 Kh3 49. Rc6 a5 50. e5 Rd5 51. Rh6+ Kg3 52. e6 Re5 53. c4 a4 54. e7 Rxe7 55.
Ra6 Rf7+ 56. Ke1 Kh2 57. Rxa4 g3 58. Ra8 g2 59. Rh8+ Kg3 60. Rg8+ Kf3 61. c5 Re7+ 62. Kd2 Re4 63.
c6 Rd4+ 64. Ke1 Rc4 65. Rf8+ Kg3 66. Rg8+ Kh2 67. Rh8+ Kg1 68. Rh6 Re4+ 69. Kd2 Kf2 70. Rf6 Kg3 71. Rg6+ Kf3 72. Rf6+ Rf4 73.
Rxf4+ Kxf4 74. c7 g1=Q 75. c8=Q Qe3+ 76. Kd1 Qf3+ 77. Kd2 Qe3+ 78. Kd1 Qf3+ 79. Kd2 Qe3+ 1/2-1/2

[Event "9e Open International de Porticcio"]
[Site "Porticcio, France"]
[Date "2024.07.03"]
[Round "7.7"]
[White "Kuru, Atilla"]
[Black "Druska, Juraj"]
[Result "1-0"]
[TimeControl "1h30+30s/move"]
[WhiteElo "2314"]
[BlackElo "2466"]

1. e4 e5 2. Bc4 Nf6 3. Nc3 Nc6 4. d3 Na5 5. Qf3 d6 6. Nge2 Be7 7. h3 Nxc4 8. dxc4 Be6 9. b3 Nd7 10.
Ng3 g6 11. Bh6 Bg5 12. Bxg5 Qxg5 13. h4 Qf6 14. Nb5 Qd8 15. Qe3 a6 16. Nc3 Qf6 17. a4 Qg7 18. Nd5 Bxd5 19. cxd5 f5 20.
exf5 gxf5 21. Nxf5 Qxg2 22. O-O-O Qg6 23. Nd4 Nf6 24. Nf3 O-O-O 25. Rhg1 Ng4 26. Qa7 Qf5 27. Nd2 Rhg8 28. f3 Nf6 29.
Qa8+ Kd7 30. Qxb7 Qf4 31. Qc6+ Ke7 32. Qxc7+ Nd7 33. Qc4 Qxc4 34. Nxc4 Rdf8 35. Rdf1 Nf6 36. Ne3 Nh5 37. Rxg8 Rxg8 38. Kd2 Nf4 39. b4 Kd7 40.
c4 Kc7 41. a5 Rg3 42. b5 axb5 43. cxb5 Rh3 44. Rg1 Rh2+ 45. Kd1 Ra2 46. Rg7+ Kb8 47. a6 Ka8 48. Rxh7 Ra5 49. Rb7 e4 50. fxe4 Ra1+ 51. Kd2 Ra2+ 52.
Nc2 Nxd5 53. Rd7 Nb6 54. Rd8+ Ka7 55. Kc3 1-0

[Event "9e Open International de Porticcio"]
[Site "Porticcio, France"]
[Date "2024.07.03"]
[Round "7.8"]
[White "Rakotomaharo, Fy Antenaina"]
[Black "Ha, Yihan"]
[Result "1-0"]
[TimeControl "1h30+30s/move"]
[WhiteElo "2448"]
[BlackElo "2166"]

1. e4 c6 2. d4 d5 3. e5 Bf5 4. h4 h5 5. c4 e6 6. Nc3 Ne7 7. Nge2 Nd7 8. Ng3 Bg6 9. Bg5 Qb6 10.
Qd2 f6 11. Be3 O-O-O 12. c5 Qc7 13. f4 Nf5 14. Nxf5 Bxf5 15. b4 fxe5 16. fxe5 Be7 17. Bd3 Rhf8 18. O-O Bxd3 19. Qxd3 Bxh4 20.
Qg6 Nxe5 21. dxe5 Qxe5 22. Qd3 Bf6 23. Ne2 d4 24. Bf4 Qf5 25. Qxf5 exf5 26. Rad1 Rfe8 27. Nc1 Rd5 28. Nd3 g5 29.
Bd6 Re2 30. b5 f4 31. bxc6 bxc6 32. Bxf4 Be7 33. Bh2 Bxc5 34. Rc1 Bb6 35. Rxc6+ Kb7 36. Rh6 Rd7 37. Rb1 Rd8 38. a4 Ka8 39.
Ra1 Rd2 40. a5 Bxa5 41. Rxa5 Rd1+ 42. Kf2 Rxd3 43. Rf6 Rb3 44. Rf7 Rb2+ 45. Ke1 Re8+ 46. Kd1 Rb7 47. Rxb7 Kxb7 48. Rxg5 Rh8 49.
Be5 Rh6 50. Bg7 Rd6 51. g3 Rd7 52. Kd2 a5 53. Kd3 a4 54. Bxd4 Ka6 55. Kc4 a3 56. Rg6+ Kb7 57. Rb6+ Kc7 58.
Ra6 Kb8 59. Rxa3 Rh7 60. Bf6 1-0

[Event "9e Open International de Porticcio"]
[Site "Porticcio, France"]
[Date "2024.07.03"]
[Round "7.11"]
[White "Winnubst, Paul"]
[Black "Ercoli, Andria"]
[Result "0-1"]
[TimeControl "1h30+30s/move"]
[WhiteElo "1871"]
[BlackElo "1723"]

1. d4 Nf6 2. c4 g6 3. Nc3 Bg7 4. e4 d6 5. Nf3 O-O 6. Be2 e5 7. Be3 exd4 8. Nxd4 Re8 9. Qc2 c6 10.
Rd1 a5 11. O-O Qe7 12. Bf3 Nbd7 13. Rfe1 Ne5 14. b3 c5 15. Ndb5 Nxf3+ 16. gxf3 Rd8 17. Bg5 Be6 18. f4 h6 19.
Bh4 g5 20. fxg5 Ng4 21. Nd5 Bxd5 22. exd5 Ne5 23. Qf5 hxg5 24. Bg3 Qd7 25. Qxd7 Rxd7 26. Kg2 f5 27. f4 gxf4 28. Bxf4 Re8 29.
Re3 Bf8 30. Rde1 Rg7+ 31. Kh1 Ng4 32. R3e2 Nf2+ 33. Kg2 0-1

[Event "9e Open International de Porticcio"]
[Site "Porticcio, France"]
[Date "2024.07.04"]
[Round "8.1"]
[White "Batsiashvili, Nino"]
[Black "Lagarde, Maxime"]
[Result "1/2-1/2"]
[TimeControl "1h30+30s/move"]
[WhiteElo "2450"]
[BlackElo "2604"]

1. d4 Nf6 2. c4 g6 3. Nc3 Bg7 4. Nf3 O-O 5. g3 d5 6. cxd5 Nxd5 7. Bg2 Nc6 8. O-O Nb6 9. e3 a5 10.
h3 Re8 11. d5 Nb4 12. e4 c6 13. a3 Na6 14. dxc6 bxc6 15. Qc2 e5 16. Rd1 Qe7 17. Bf1 Nc5 18. Bg5 f6 19. Be3 Be6 20.
b4 Ncd7 21. Nd2 axb4 22. axb4 Rxa1 23. Rxa1 Qxb4 24. Na4 Nxa4 25. Rxa4 Qd6 26. Nc4 Qf8 27. Ra6 Nb8 28. Rb6 Bh6 29.
Bxh6 Qxh6 30. Nd6 Rd8 31. Nb7 Qd2 32. Qxd2 Rxd2 33. Na5 Rd8 34. Nxc6 Nxc6 35. Rxc6 Kf7 36. Bc4 Bxc4 37. Rxc4 g5 38.
Kg2 h5 39. Rc7+ Kg6 40. g4 hxg4 41. hxg4 Rd4 42. f3 Rd2+ 43. Kg3 Rb2 44. Rd7 Ra2 45. Rc7 Rb2 46. Rd7 Ra2 47. Rc7 Rb2 1/2-1/2

[Event "9e Open International de Porticcio"]
[Site "Porticcio, France"]
[Date "2024.07.04"]
[Round "8.2"]
[White "Bulmaga, Irina"]
[Black "Fedorchuk, Sergey A."]
[Result "1/2-1/2"]
[TimeControl "1h30+30s/move"]
[WhiteElo "2391"]
[BlackElo "2546"]

1. e4 c5 2. c3 Nf6 3. e5 Nd5 4. Bc4 Nb6 5. Bb3 c4 6. Bc2 d6 7. Nf3 dxe5 8. Nxe5 Qd5 9. Qe2 Qxg2 10.
Be4 Qg5 11. Nxc4 Nxc4 12. Qxc4 Nd7 13. Na3 Qe5 14. f3 a6 15. d4 Qb8 16. Qe2 e6 17. Nc4 Be7 18. Rg1 g6 19. Bh6 Qc7 20.
O-O-O Rb8 21. d5 b5 22. dxe6 fxe6 23. Ne3 b4 24. c4 b3 25. axb3 Nc5 26. Bc2 Qa5 27. Kb1 Nxb3 28. Bxb3 Rxb3 29.
Rd3 Rxd3 30. Qxd3 Kf7 31. Qe4 Rd8 32. Ng4 Qf5 33. Ne5+ Ke8 34. Qxf5 exf5 35. Nc6 Rd7 36. Re1 Bb7 37.
Rxe7+ Rxe7 38. Nxe7 Kxe7 39. f4 Be4+ 40. Kc1 Kd6 41. Kd2 Kc6 42. b4 Bg2 43. Kc3 Bf1 44. Kd4 Be2 45. Bf8 Bf1 46.
h4 Be2 47. Be7 Bf1 48. Bf8 Be2 49. Be7 Bf1 50. Bf8 Be2 51. Be7 Bf1 52. Ke4 1/2-1/2

[Event "9e Open International de Porticcio"]
[Site "Porticcio, France"]
[Date "2024.07.04"]
[Round "8.3"]
[White "Terrieux, Kevin"]
[Black "Hamdouchi, Hicham"]
[Result "0-1"]
[TimeControl "1h30+30s/move"]
[WhiteElo "2408"]
[BlackElo "2527"]

1. d4 Nf6 2. Nf3 e6 3. e3 c5 4. Bd3 b6 5. O-O Bb7 6. c4 g6 7. Nc3 Bg7 8. e4 cxd4 9. Nxd4 d6 10.
Be3 O-O 11. h3 Nbd7 12. Nf3 Nc5 13. Qc2 Rc8 14. Rad1 Qc7 15. b3 a6 16. Bd4 Qe7 17. Rfe1 e5 18. Be3 b5 19. Bxc5 Rxc5 20.
Qd2 Rfc8 21. Bf1 Bf8 22. Rc1 b4 23. Na4 R5c7 24. Bd3 a5 25. a3 bxa3 26. Qa2 d5 27. exd5 Nxd5 28. Be4 Qf6 29.
Bxd5 Bxd5 30. Nxe5 Bb7 31. Ng4 Qc6 32. f3 h5 33. Ne5 Qe6 34. c5 Rd8 35. Qxa3 Bh6 36. Nc4 Qf6 37. Qa1 Qh4 38.
Rcd1 Rcc8 39. Nd6 Bxf3 40. Nxc8 Be3+ 41. Rxe3 Rxd1+ 42. Qxd1 Bxd1 43. Ne7+ Kg7 44. Nc3 Bxb3 45. c6 Qd4 46.
Kf2 a4 47. Ne4 Be6 48. c7 a3 49. Nc6 Qb6 50. Nd6 Qxc6 51. Rxe6 fxe6 0-1

[Event "9e Open International de Porticcio"]
[Site "Porticcio, France"]
[Date "2024.07.04"]
[Round "8.4"]
[White "Clarke, Brandon G I"]
[Black "Kuru, Atilla"]
[Result "1-0"]
[TimeControl "1h30+30s/move"]
[WhiteElo "2498"]
[BlackElo "2314"]

1. e4 d6 2. d4 Nf6 3. Nc3 e5 4. Nf3 Nbd7 5. g4 Nxg4 6. Rg1 exd4 7. Nxd4 Nde5 8. h3 Nf6 9. f4 Nc6 10.
Be3 g6 11. Bb5 Bd7 12. Qf3 Bh6 13. e5 Nxd4 14. Bxd4 Bxb5 15. exf6 Bd7 16. Nd5 c6 17. Ne3 Qa5+ 18. Bc3 Qa4 19.
Rf1 O-O-O 20. b3 Qa3 21. Rd1 Rhe8 22. Kf2 d5 23. Be5 Qc5 24. Qg3 Bf5 25. c3 a5 26. Rfe1 Bf8 27. Bd4 Qa3 28.
Rd2 Be6 29. Ng4 h5 30. Ne5 c5 31. Be3 a4 32. Rb1 axb3 33. Rxb3 Qa6 34. Rbb2 Bd6 35. Kg1 Kc7 36. h4 Qa5 37.
Bf2 Ra8 38. Qf3 Bxe5 39. fxe5 Red8 40. c4 Kc6 41. Rd3 Rd7 42. Rb5 Qxb5 43. cxb5+ Kxb5 44. Rb3+ Kc6 45. Bxc5 Rxa2 46. Qc3 Ra4 47.
Bd4+ Rc4 48. Qa5 Rc7 49. Qb5# 1-0

[Event "9e Open International de Porticcio"]
[Site "Porticcio, France"]
[Date "2024.07.04"]
[Round "8.6"]
[White "Yankelevich, Lev"]
[Black "Rakotomaharo, Fy Antenaina"]
[Result "1/2-1/2"]
[TimeControl "1h30+30s/move"]
[WhiteElo "2416"]
[BlackElo "2448"]

1. d4 d5 2. c4 e6 3. Nc3 Nf6 4. Bg5 Bb4 5. e3 c6 6. Qb3 Qa5 7. Bxf6 gxf6 8. Rc1 Nd7 9. a3 Be7 10.
cxd5 cxd5 11. Nf3 Rg8 12. g3 a6 13. Bd3 f5 14. O-O b5 15. Nxd5 exd5 16. Qxd5 Rb8 17. Bxf5 Qd8 18. Ne5 Nxe5 19.
Qxe5 Bxf5 20. Qxf5 Rg6 21. Rc2 Qd7 22. Qe5 Rc8 23. Rfc1 Rxc2 24. Rxc2 f6 25. Qh5 Qg4 26. Qxg4 Rxg4 27.
Rc6 a5 28. Ra6 Bd8 29. Ra7 Rg5 30. Rxh7 Be7 31. Kf1 a4 32. Ke2 b4 33. Rh8+ Bf8 34. axb4 Rb5 35. Kd3 Rxb4 36. Kc3 Rb7 37.
Rh5 Rc7+ 38. Kd3 Rb7 39. Kc2 Rc7+ 40. Kb1 Rb7 41. Ka2 Rc7 42. Rf5 Kf7 43. Kb1 Rb7 44. Ka2 Rc7 45. Kb1 Rb7 46.
Ka2 Rc7 1/2-1/2

[Event "9e Open International de Porticcio"]
[Site "Porticcio, France"]
[Date "2024.07.04"]
[Round "8.10"]
[White "Charni, Ilyes"]
[Black "Deladerriere, Helio"]
[Result "1/2-1/2"]
[TimeControl "1h30+30s/move"]
[WhiteElo "1858"]
[BlackElo "1850"]

1. e4 e5 2. Nf3 Nc6 3. Bc4 Bc5 4. O-O Nf6 5. d3 O-O 6. c3 d6 7. a4 a6 8. Bb3 Be6 9. Bc2 Ba7 10.
Nbd2 Ne7 11. h3 Ng6 12. Re1 Nh5 13. Nf1 Nhf4 14. Be3 Bxh3 15. gxh3 Nxh3+ 16. Kh2 Nxf2 17. Bxf2 Bxf2 18. Re2 Ba7 19.
Ng3 Nf4 20. Re1 Qf6 21. Nf5 g6 22. Nh6+ Kg7 23. Ng4 Qe6 24. Ng5 Qe7 25. Nh3 Qh4 26. Qf3 h5 27. Ne3 Nxh3 28. Ng2 Qf2 29.
Qxh3 Qxc2 30. Rf1 Qxb2 31. Qh4 Qe2 32. Qf6+ Kg8 33. Rf5 Qd2 34. Raf1 Be3 35. R1f3 Bf4+ 36. R3xf4 exf4 37. Rxh5 gxh5 38.
Qg5+ Kh8 39. Qxh5+ Kg8 40. Qg5+ Kh8 41. Qh5+ Kg8 42. Qg5+ 1/2-1/2

[Event "9e Open International de Porticcio"]
[Site "Porticcio, France"]
[Date "2024.07.05"]
[Round "9.1"]
[White "Lagarde, Maxime"]
[Black "Clarke, Brandon G I"]
[Result "1-0"]
[TimeControl "1h30+30s/move"]
[WhiteElo "2604"]
[BlackElo "2498"]

1. c4 Nf6 2. Nc3 g6 3. Nf3 Bg7 4.
e4 d6 5.
d4 O-O 6. Be2 e5 7. O-O exd4 8. Nxd4 Re8 9. f3 c6 10. Nc2 Na6 11. Kh1 Nc7 12. Bg5 d5 13. cxd5 cxd5 14. Qd2 dxe4 15.
Qxd8 Rxd8 16. fxe4 1-0

[Event "9e Open International de Porticcio"]
[Site "Porticcio, France"]
[Date "2024.07.05"]
[Round "9.2"]
[White "Fedorchuk, Sergey A."]
[Black "Bailet, Pierre"]
[Result "1/2-1/2"]
[TimeControl "1h30+30s/move"]
[WhiteElo "2546"]
[BlackElo "2491"]

1. e4 e5 2. Nf3 Nc6 3. Bb5 Nf6 4. O-O Nxe4 5. Re1 Nd6 6. Nxe5 Be7 7. Bf1 Nxe5 8. Rxe5 O-O 9. d4 Bf6 10.
Re1 Nf5 11. c3 d5 12. Bf4 c6 13. Nd2 Nh4 14. Nf3 Bg4 15. Be2 Nxf3+ 16. Bxf3 Bxf3 17. Qxf3 Re8 18. Re2 Rxe2 19. Qxe2 Qe7 20.
Re1 Re8 21. Qxe7 Rxe7 22. Rxe7 Bxe7 23. f3 f6 24. Kf2 Kf7 25. Ke2 Ke6 26. Kd3 Bf8 27. Ke3 Be7 28. Kd3 Bf8 29. Ke3 Be7 30.
Kd3 Ke5 31. Ke4+ 1/2-1/2

[Event "9e Open International de Porticcio"]
[Site "Porticcio, France"]
[Date "2024.07.05"]
[Round "9.3"]
[White "Hamdouchi, Hicham"]
[Black "Bulmaga, Irina"]
[Result "1/2-1/2"]
[TimeControl "1h30+30s/move"]
[WhiteElo "2527"]
[BlackElo "2391"]

1. e4 e5 2. Nf3 Nc6 3. Bb5 Nf6 4. O-O Nxe4 5. d4 Nd6 6. Bxc6 dxc6 7. dxe5 Nf5 8. Qxd8+ Kxd8 9. Nc3 Be7 10.
Bf4 Nh4 11. Rad1+ Ke8 12. Nd4 Nf5 13. Nce2 Nxd4 14. Nxd4 Be6 15. Nxe6 fxe6 16. Be3 a5 17. f4 g6 18. Kf2 Rd8 19.
Rxd8+ Bxd8 20. Kf3 Be7 21. Rd1 h5 22. g3 b6 23. h3 Rh7 24. Kg2 Rh8 25. a4 Rh7 26. b3 Rh8 27. c4 Bc5 28.
Bxc5 bxc5 29. Kf3 Ke7 30. Rd3 Rh7 31. Kg2 Rh8 32. g4 hxg4 33. hxg4 Rh4 34. Rg3 Kf7 35. Rd3 Ke7 36. Rh3 Rxh3 37.
Kxh3 Kf8 38. Kh4 Kf7 39. Kg5 Kg7 40. f5 gxf5 41. gxf5 exf5 42. Kxf5 Kf7 43. e6+ Ke7 44. Ke5 Ke8 45.
Kf6 Kf8 46. e7+ Ke8 47. Ke6 1/2-1/2

[Event "9e Open International de Porticcio"]
[Site "Porticcio, France"]
[Date "2024.07.05"]
[Round "9.5"]
[White "Priansh Das"]
[Black "Yankelevich, Lev"]
[Result "1/2-1/2"]
[TimeControl "1h30+30s/move"]
[WhiteElo "2263"]
[BlackElo "2416"]

1. e4 e5 2. Nf3 Nc6 3. Bc4 Nf6 4. d3 Be7 5. O-O O-O 6. c3 d5 7. exd5 Nxd5 8. h3 Nb6 9. Bb3 Bf5 10.
Re1 Qxd3 11. Qxd3 Bxd3 12. Nxe5 Nxe5 13. Rxe5 Bf6 14. Re1 Rfe8 15. Rxe8+ Rxe8 16. Be3 Nc4 17. Bxc4 Bxc4 18. Na3 Ba6 19.
Rd1 b6 20. Rd7 Be5 21. Rd1 f5 22. g3 Kf7 23. Nc2 c5 24. Rd7+ Re7 25. Rxe7+ Kxe7 26. f4 Bf6 27. Bd2 Bc4 28. a3 Kd6 29. Kf2 Bd3 30. Ne1 Be4 31.
Nf3 Kd5 32. Ne5 Bb1 33. Kf3 Be4+ 34. Ke3 g5 35. c4+ Ke6 36. Bc3 gxf4+ 37. gxf4 Bg2 38. Nf3 Bxc3 39. bxc3 h6 40. h4 Bxf3 41.
Kxf3 Kd6 42. Ke3 Kc6 43. a4 a6 44. Kd3 b5 45. cxb5+ axb5 46. axb5+ Kxb5 47. h5 Kb6 48. Kc2 c4 49.
Kc1 Kc6 50. Kd2 Kb5 51. Kc2 Ka5 52. Kc1 Kb6 53. Kc2 Kc6 54. Kd2 Kd6 55. Ke2 Kd5 56. Ke3 Kc5 57. Kd2 Kc6 58. Ke3 Kd5 59.
Kf3 Kc6 60. Ke3 Kc5 61. Kd2 Kb5 62. Kc1 Ka4 63. Kb2 Ka5 64. Kc1 Kb5 65. Kc2 Kb6 66. Kc1 Kc6 67. Kd2 Kc5 68. Ke3 Kd5 69.
Kf3 Kc6 70. Ke3 Kc5 71. Kd2 Kc6 72. Ke3 Kc5 73. Kd2 Kb5 1/2-1/2

[Event "9e Open International de Porticcio"]
[Site "Porticcio, France"]
[Date "2024.07.05"]
[Round "9.7"]
[White "Derige Kane, Yan"]
[Black "Relange, Eloi"]
[Result "1/2-1/2"]
[TimeControl "1h30+30s/move"]
[WhiteElo "2237"]
[BlackElo "2442"]

1. e4 d6 2. d4 Nf6 3. Nc3 e5 4. dxe5 dxe5 5. Qxd8+ Kxd8 6. Bc4 Ke8 7. f4 Bb4 8. Bd3 Nbd7 9.
Nf3 Nc5 10. O-O Bxc3 11. bxc3 Nfxe4 12. Re1 Nxd3 13. cxd3 Nxc3 14. Bb2 Na4 15. Bxe5 Kf8 16. Rac1 h6 17. Rxc7 Kg8 18. Rec1 Be6 19.
Rxb7 Kh7 20. Rcc7 a5 21. a3 Rhc8 22. Nd4 Bd5 23. Rxc8 Rxc8 24. Rc7 Rb8 25. Nf5 Rb3 26. Nxg7 Nb2 27.
Rc3 Nxd3 28. Rxb3 Bxb3 29. Nf5 Kg6 30. Ne3 Nxe5 31. fxe5 f6 32. exf6 Kxf6 33. Kf2 Ke5 34. Ke2 Kd4 35.
Kd2 Be6 36. g4 Ke4 37. h4 Kf4 38. g5 hxg5 39. hxg5 Kxg5 40. Kc3 Kf6 41. Nc4 Bxc4 42. Kxc4 Ke7 43. Kb5 Kd8 44. Kxa5 Kc8 45.
Kb6 Kb8 46. a4 Ka8 47. a5 Kb8 48. a6 Ka8 49. a7 1/2-1/2

[Event "9e Open International de Porticcio"]
[Site "Porticcio, France"]
[Date "2024.07.05"]
[Round "9.8"]
[White "Kuru, Atilla"]
[Black "Terrieux, Kevin"]
[Result "1/2-1/2"]
[TimeControl "1h30+30s/move"]
[WhiteElo "2314"]
[BlackElo "2408"]

1. e4 e5 2. Nf3 Nc6 3. Bb5 a6 4. Bxc6 dxc6 5. Nc3 Bg4 6. h3 Bxf3 7. Qxf3 Qf6 8. Qg3 Ne7 9. d3 Ng6 10. Bg5 Qe6 11.
Qg4 Qd7 12. O-O-O Bc5 13. Be3 Qxg4 14. hxg4 Bxe3+ 15. fxe3 f6 16.
Ne2 c5 17. Ng3 Nf8 18. d4 cxd4 19. exd4 exd4 20. Rxd4 Ne6 21. Rd2 Rd8 22. Rxd8+ Kxd8 23. Kd2 Ke7 24. Ke3 Kf7 25. Nf5 g6 26.
Nh4 Re8 27. Nf3 Kg7 28. Rd1 Re7 29. Rd5 Kf7 30. b4 c6 31. Rd6 Nc7 32. c4 h6 33. a3 Re6 34. Rd8 Re8 35. Rd1 Re7 36.
Rh1 Kg7 37. Rf1 Ne6 38. Rd1 Kf7 39. Rd6 Ng5 40. Nxg5+ hxg5 41. Kf3 Re6 42. Rd1 Re7 43. Rh1 Kg7 44. Rd1 Kf7 45. a4 Ke6 46.
Rh1 a5 47. bxa5 Kd6 48. Rb1 Kc5 49. Rb6 Rc7 50. Ke3 Rd7 51. Rb1 Re7 52. Kd3 Rd7+ 53. Kc3 Re7 54. Re1 Re5 55. Rb1 Re7 56.
Rb2 Rxe4 57. Rxb7 Rxc4+ 58. Kb3 Re4 59. a6 Re3+ 60. Ka2 Re4 61. Ka3 Re3+ 62. Ka2 Re4 63. Kb3 Re3+ 64. Kb2 Re4 65. Kb3 Re3+ 66. Kb2 Re4 67.
Kb3 Rf4 1/2-1/2

[Event "9e Open International de Porticcio"]
[Site "Porticcio, France"]
[Date "2024.07.05"]
[Round "9.9"]
[White "Daulet, Alikhan"]
[Black "Coriat, Caroline"]
[Result "0-1"]
[TimeControl "1h30+30s/move"]
[WhiteElo "1877"]
[BlackElo "1852"]

1. d4 d5 2. Nc3 Nf6 3. Bf4 c6 4. e3 Bg4 5. f3 Bf5 6. g4 Bg6 7. h4 h5 8. g5 Nfd7 9. e4 e6 10.
Bd3 Bb4 11. exd5 exd5 12. Bxg6 fxg6 13. Qd3 Qe7+ 14. Kf2 O-O 15. Bxb8 Raxb8 16. Qxg6 Rbe8 17. Qd3 Rf4 18. Nge2 Rf7 19.
Raf1 Bd6 20. Ke1 Qe3 21. Qxe3 Rxe3 22. Rh3 Bb4 23. Kf2 Rfe7 24. Rd1 Nb6 25. Rd3 Nc4 26. b3 Rxd3 27. cxd3 Ne3 28.
Nb1 Nc2 29. f4 g6 30. a3 Be1+ 31. Kf1 Rf7 32. Rh2 Kf8 33. a4 Bb4 34. Rf2 Ne3+ 35. Kg1 Nf5 36. Kh2 Nxh4 37. Nbc3 Nf5 38.
Nd1 Re7 39. Ng1 Re1 40. Nb2 Nxd4 41. f5 gxf5 42. Nh3 Re2 43. Rxe2 Nxe2 44. Kg2 Bd2 45. Kf2 Nf4 46. Ng1 Bc1 47. Nd1 Nxd3+ 48. Ke2 Nc5 49. Nf3 Nxb3 50. Nf2 Nc5 51. a5 Ne4 52.
Nh3 b6 53. a6 Nc5 54. Nd4 Nxa6 55. Nxc6 Nc5 56. Nxa7 Ne4 57.
g6 Kg7 58. Nc8 Kxg6 59. Ne7+ Kf7 60. Nxd5 b5 61. Kd3 Bd2 62. Kd4 b4 63. Nxb4 Bxb4 64. Ke5 Ng3 65. Kf4 h4 66. Kf3 Bd2 67.
Nf2 Be1 68. Nh3 Kf6 69. Kg2 Bd2 70. Ng1 Nh5 71. Nf3 Bg5 72. Kh3 Nf4+ 73. Kh2 Ng6 74. Kh3 Ne5 75. Ng1 f4 76. Kg2 Kf5 77. Nh3 f3+ 78. Kh1 Kg4 79. Nf2+ Kf4 80. Nh3+ Ke3 81. Kg1 Ke2 82.
Nxg5 f2+ 83. Kh2 Nf3 84. Nxf3 Kxf3 0-1

[Event "9e Open International de Porticcio"]
[Site "Porticcio, France"]
[Date "2024.07.05"]
[Round "9.11"]
[White "Ter Sarkissoff, Jean-Jacques"]
[Black "Charni, Ilyes"]
[Result "0-1"]
[TimeControl "1h30+30s/move"]
[WhiteElo "1887"]
[BlackElo "1858"]

1. e4 c5 2. Nc3 Nc6 3. g3 e6 4. Bg2 Nf6 5. d3 Be7 6. f4 d6 7. Nh3 O-O 8. O-O d5 9. e5 Nd7 10.
Bd2 Rb8 11. Ne2 b5 12. c3 Ba6 13. d4 b4 14. Be3 bxc3 15. bxc3 Rb2 16. Rf2 Qa5 17. Bd2 Rxa2 18. Rxa2 Qxa2 19.
Nc1 Qa3 20. Be1 Bc4 21. Bf1 Qa6 22. Ra2 Qb5 23. Bxc4 Qxc4 24. Qa4 Qxa4 25. Rxa4 Rb8 26. Kf1 Nb6 27. Ra6 Ra8 28. dxc5 Bxc5 29.
Nb3 Be7 30. Bf2 Rb8 31. Na5 Nxa5 32. Rxa5 Rb7 33. Rb5 Kf8 34. f5 Ke8 35. Nf4 Kd7 36. Bxb6 Rxb6 37. Rxb6 axb6 38. fxe6+ fxe6 39.
Ke2 Bg5 40. Nh3 Bd8 41. Kd3 Ke7 42. Ng5 h6 43. Nf3 Bc7 44. g4 Kf7 45. h4 g6 46. h5 g5 47. Kd4 Bd8 48. Nd2 Ke7 49.
c4 dxc4 50. Nxc4 Kd7 51. Nd6 Be7 52.
Ne4 Kc6 53. Nd2 b5 54. Nb3 b4 55. Kc4 Bf8 56. Nd4+ Kd7 57. Nb3 Be7 58. Nd4 Bf8 59. Nb3 Bg7 60. Nc5+ Kc6 61. Nxe6 Bxe5 62.
Kxb4 Kd5 63. Nf8 Bd6+ 0-1